 Dungeon Crawl Stone Soup version 0.26-a0-689-gc93c913f66 (webtiles) character file.

Game seed: 13522329493848872620

421 Baz the Digger (level 6, -4/55 HPs)
             Began as a Deep Dwarf Earth Elementalist on Oct 23, 2020.
             Slain by a wraith (8 damage)
             ... in an ossuary.
             The game lasted 00:09:40 (2670 turns).

Baz the Digger (Deep Dwarf Earth Elementalist)      Turns: 2670, Time: 00:09:40

Health: -4/55      AC:  2    Str: 18    XL:     6   Next: 62%
Magic:  4/7        EV: 12    Int: 17    God:
Gold:   182        SH:  0    Dex: 13    Spells: 0/11 levels left

rFire    . . .     SeeInvis .   f - +1 dagger (venom)
rCold    . . .     Faith    .   (no shield)
rNeg     . . .     Spirit   .   c - +0 robe
rPois    .         Reflect  .   (no helmet)
rElec    .         Harm     .   (no cloak)
rCorr    .         Rampage  .   (no gloves)
MR       .....                  (no boots)
Stlth    ++........             (no amulet)
HPRegen  0.00/turn              d - +6 ring of strength
MPRegen  0.10/turn              (no ring)

@: mighty, flying, very slightly contaminated, non-regenerating, slowed, very
slow
A: damage resistance, heal wounds, sense surroundings 1, no regeneration
a: Heal Wounds


You were in an ossuary.
You visited 1 branch of the dungeon, and saw 4 of its levels.
You also visited: Ossuary.

You collected 182 gold pieces.

Inventory:

Hand Weapons
 f - a +1 dagger of venom (weapon)
Missiles
 b - 66 stones (quivered)
Armour
 c - a +0 robe (worn)
Jewellery
 d - a +6 ring of strength (left hand)
 h - an uncursed ring of protection from magic
 o - an uncursed amulet of guardian spirit {unknown}
Wands
 s - a wand of flame (22)
Scrolls
 e - 2 scrolls of remove curse
 g - 3 scrolls of teleportation {unknown}
 k - a scroll of noise
 l - a scroll of amnesia
 m - a scroll of enchant armour {unknown}
 n - a scroll of fog {unknown}
 q - a scroll of enchant weapon {unknown}
Potions
 a - a potion of lignification {unknown}
 i - a potion of curing {unknown}
 j - 2 potions of might
 p - a potion of flight
 r - a potion of degeneration {unknown}
 t - a potion of mutation {unknown}


   Skills:
 + Level 2.5 Fighting
 - Level 2.1 Dodging
 - Level 2.4 Stealth
 + Level 3.1 Spellcasting
 + Level 2.0 Conjurations
 - Level 0.8 Transmutations
 * Level 7.2 Earth Magic


You couldn't memorise any spells.
You knew the following spells:

 Your Spells              Type           Power        Failure   Level
a - Sandblast             Erth           ####..       1%          1
b - Passwall              Tmut/Erth      ###.....     4%          2
c - Stone Arrow           Conj/Erth      ###...       8%          3
d - Lee's Rapid Deconstr  Erth           ####......   24%         5

Your spell library contained the following spells:

 Spells                   Type           Power        Failure   Level
 Summon Small Mammal      Summ           #...         17%         1
 Call Imp                 Summ           #.......     26%         2
 Petrify                  Tmut/Erth      ###.....     32%         4
 Call Canine Familiar     Summ           #.......     45%         3
 Summon Guardian Golem    Hex/Summ       #.......     45%         3
 Summon Ice Beast         Ice/Summ       #.......     86%         4
 Summon Lightning Spire   Summ/Air       #.......     86%         4


Dungeon Overview and Level Annotations

Branches:
Dungeon (4/15)            Ossuary (1/1)
 Temple: D:4-7

Altars:
Gozag
Okawaru
Yredelemnul
The Shining One


Innate Abilities, Weirdness & Mutations

You are resistant to damage.
You can heal yourself by infusing magical energy.
You passively map a small area around you.
You do not regenerate.


Message History

b - 67 stones The wraith hits you!
* * * LOW HITPOINT WARNING * * *
Casting: Sandblast (safe; 1% risk of failure)
Confirm with . or Enter, or press ? or * to list all spells.
Aiming: Sandblast (safe; 1% risk of failure)
Press: ? - help, Shift-Dir - straight line, f/p - wraith
Aim: a wraith (heavily damaged)
The blast of sand hits the wraith but does no damage.
The wraith is heavily damaged.
b - 66 stones The wraith misses you.
The wraith hits you!
* * * LOW HITPOINT WARNING * * *
The wraith drains your vigour!
You feel as though you will be slow longer.
Unknown command.
It was a potion of flight.
You feel very buoyant.
You fly up into the air.
The wraith hits you!
You die...

* .###..###.# ### #######
, ..........# #z# #.....#
* .!!/
###.###▓#####.8.8.# * *
.???. #z#.'.....'.......'
.!?!..###.###▓#####.8.8.#
,..........# #W# #.....#
.###..###.# ### ####### *
.#z#. #W#.# . ## *#@.# ,
.........# * ###########


You could see a wraith.

Vanquished Creatures
  A necrophage (D:3)
  An elf zombie (D:4)
  A bullfrog skeleton (D:3)
  2 human skeletons (D:4)
  A worker ant (D:4)
  4 gnolls (D:2)
  3 adders
  A white imp (D:3)
  An ooze (D:3)
  2 adder zombies (Ossuary)
  2 worms (D:2)
  3 dart slugs
  3 leopard geckos
  A ball python (D:3)
  4 giant cockroaches
  5 hobgoblins
  5 jackals (D:1)
  8 kobolds
  A ball python skeleton (Ossuary)
  13 bats
  4 frilled lizards
  10 goblins
  3 hobgoblin skeletons (Ossuary)
  2 hobgoblin zombies (Ossuary)
  A kobold zombie (Ossuary)
  An orc skeleton (D:4)
  An orc zombie (D:4)
  3 rats
87 creatures vanquished.

Vanquished Creatures (others)
  71 plants (D:1)
71 creatures vanquished.

Grand Total: 158 creatures vanquished

Notes
Turn   | Place    | Note
-------+----------+-------------------------------------------
     0 | D:1      | Baz the Deep Dwarf Earth Elementalist began the quest for
                  | the Orb.
     0 | D:1      | Reached XP level 1. HP: 15/15 MP: 3/3
   199 | D:1      | Reached XP level 2. HP: 19/24 MP: 0/4
   517 | D:1      | Reached skill level 1 in Fighting
   546 | D:1      | Learned a level 2 spell: Passwall
   563 | D:1      | Reached XP level 3. HP: 19/31 MP: 6/6
   606 | D:1      | Reached skill level 5 in Earth Magic
   849 | D:2      | Learned a level 3 spell: Stone Arrow
  1036 | D:2      | Found a basalt altar of Yredelemnul.
  1039 | D:2      | Reached XP level 4. HP: 30/38 MP: 1/6
  1082 | D:2      | Noticed a profane servitor
  1087 | D:2      | Found a glowing golden altar of the Shining One.
  1089 | D:2      | Noticed an angel
  1577 | D:3      | Noticed a necrophage
  1589 | D:3      | Killed a necrophage
  1589 | D:3      | Reached skill level 1 in Conjurations
  1589 | D:3      | Reached skill level 6 in Earth Magic
  1589 | D:3      | Reached XP level 5. HP: 19/45 MP: 2/8
  1975 | D:3      | Found an opulent altar of Gozag.
  2211 | D:4      | Reached XP level 6. HP: 49/52 MP: 4/8
  2232 | D:4      | Found an iron altar of Okawaru.
  2361 | D:4      | Reached skill level 7 in Earth Magic
  2409 | D:4      | Found a sand-covered staircase.
  2421 | Ossuary  | Entered an ossuary
  2548 | Ossuary  | Learned a level 5 spell: Lee's Rapid Deconstruction
  2644 | Ossuary  | Noticed a flying skull
  2644 | Ossuary  | Noticed a wraith
  2652 | Ossuary  | Noticed a flying skull
  2654 | Ossuary  | Noticed a flying skull
  2663 | Ossuary  | Noticed a wraith
  2670 | Ossuary  | Slain by a wraith

Illustrated notes

Levels and vault maps discovered:
D:1:      roderic_crop_circles_arrival_small, layout_rooms
D:2:      layout_rooms, grunt_temple_overflow_holy_war
D:3:      layout_basic, nicolae_gozag_cash_rules_everything_around_me
D:4:      layout_rooms, grunt_temple_overflow_open, overflow_temple_1_default,
          serial_shops, kennysheep_little_box, nicolae_ossuary_entry_catacombs,
          st_stairs_11, uniq_sigmund
Ossuary:  ossuary_due_cavern

Skill      XL: |  1  2  3  4  5  6 |
---------------+-------------------+-----
Spellcasting   | 2 3 |  3.1
Fighting       | 1 2 |  2.5
Earth Magic    | 5 6 7 |  7.2
Conjurations   | 1 2 |  2.0
Dodging        | |  2.1
Stealth        | |  2.4
Transmutations | |  0.8

Action                   |  1- 3 |  4- 6 || total
-------------------------+-------+-------++-------
Melee: Unarmed           |    15 |       ||    15
       Dagger            |    48 |    55 ||   103
 Cast: Sandblast         |    35 |    52 ||    87
       Stone Arrow       |       |     1 ||     1
 Abil: Heal Wounds       |     1 |     3 ||     4
  Use: Scroll            |       |     3 ||     3
       Potion            |       |     2 ||     2
 Stab: Sleeping          |     1 |     9 ||    10
Armor: Robe              |    20 |     8 ||    28
Dodge: Dodged            |    73 |    48 ||   121

Table legend: (Time is in decaauts)
 A = Elapsed time spent in this place.
 B = Non-inter-level travel time spent in this place.
 C = Inter-level travel time spent in this place.
 D = Time resting spent in this place.
 E = Time spent auto-exploring this place.
 F = Levels seen in this place.
 G = Mean time per level.
                   A        B        C        D        E       F      G
               +--------+--------+--------+--------+--------+-----+--------+
         Total |   2671 |   2563 |    108 |    458 |   1025 |   5 |  534.2 |
       Dungeon |   2420 |   2312 |    108 |    371 |   1025 |   4 |  605.0 |
       Ossuary |    251 |    251 |      0 |     87 |      0 |   1 |  251.0 |
               +--------+--------+--------+--------+--------+-----+--------+

Top non-repeatable levels by time:
     D:3: 778 daAuts
     D:1: 761 daAuts
     D:2: 692 daAuts
 Ossuary: 251 daAuts
     D:4: 188 daAuts
